[Event "Titled Tuesday Blitz February 07 Early 2023"]
[White "Bethke, Richard"]
[Black "Kleiman, Jake"]
[WhiteFideId "12959243"]
[BlackFideId "2020041"]
[WhiteElo "2382"]
[BlackElo "2399"]
[Result "0-1"]
[Round "07"]
[TimeControl "180+2"]
[Date "2023.02.07"]
[WhiteClock "0:00:41"]
[BlackClock "0:01:30"]

1. e4 e5 2. Nf3 Nc6 3. Bc4 Nf6 4. d3 Bc5 5. O-O O-O 6. Re1 d6 7. h3 a6 8. a4 Ba7 9. Nbd2 Ne7 10. Nf1 Ng6 11. Ng3 c6 12. d4 h6 13. c3 Re8 14. Bb3 Qc7 15. Nf5 exd4 16. N3xd4 Rxe4 17. Rxe4 Nxe4 18. Qf3 d5 19. Bxh6 Bxf5 20. Bxg7 Nh4 21. Qh5 Kxg7 22. Qxh4 Bxd4 23. cxd4 Rh8 0-1


[Site "https://www.chess.com"]

[Event "Titled Tuesday Blitz February 07 Early 2023"]
[White "Borrmann, Laurenz"]
[Black "Fernandez Siles, Luis"]
[WhiteFideId "312187930"]
[BlackFideId "2209420"]
[WhiteElo "2304"]
[BlackElo "2218"]
[Result "1-0"]
[Round "07"]
[TimeControl "180+2"]
[Date "2023.02.07"]
[WhiteClock "0:00:23"]
[BlackClock "0:00:08"]

1. d4 Nf6 2. c4 g6 3. Nc3 Bg7 4. e4 d6 5. h3 O-O 6. Be3 Na6 7. g4 c5 8. Nge2 cxd4 9. Nxd4 Nc5 10. Bg2 e5 11. Ndb5 Qa5 12. O-O Be6 13. Qxd6 Bxc4 14. Qxc5 Bxf1 15. Rxf1 Rfc8 16. Qa3 Qxa3 17. Nxa3 Bf8 18. Nd5 Nxd5 19. exd5 Bc5 20. Nb5 a6 21. Nc3 b5 22. d6 Ra7 23. Rd1 Bxe3 24. fxe3 Rd8 25. g5 h6 26. h4 hxg5 27. hxg5 f5 28. gxf6 Kf7 29. Ne4 Ke6 30. Bh3+ Kf7 31. d7 a5 32. Rd6 a4 33. Ng5+ Kf8 34. Ne6+ 1-0


[Site "https://www.chess.com"]

[Event "Titled Tuesday Blitz February 07 Early 2023"]
[White "Prieto Aranguren, Alain"]
[Black "Ljukin, Sergei"]
[WhiteFideId "2268906"]
[BlackFideId "14102200"]
[WhiteElo "2258"]
[BlackElo "2362"]
[Result "0-1"]
[Round "07"]
[TimeControl "180+2"]
[Date "2023.02.07"]
[WhiteClock "0:00:03"]
[BlackClock "0:00:10"]

1. d4 d5 2. c4 c6 3. Nf3 Nf6 4. Nc3 dxc4 5. a4 Bf5 6. e3 e6 7. Bxc4 Bb4 8. O-O Nbd7 9. Qe2 O-O 10. e4 Bg4 11. Bd3 e5 12. dxe5 Nxe5 13. Bc2 Qc7 14. Bg5 Nh5 15. Rad1 Bxf3 16. gxf3 Ng6 17. Kh1 Nhf4 18. Qe3 Bd6 19. Rg1 Be5 20. Bb3 Kh8 21. Rg4 f6 22. Bh4 Nxh4 23. Rxh4 Rad8 24. Rg1 Rd3 25. Qe1 Rxf3 26. Rf1 Rh3 27. f3 Rxh4 28. Qxh4 Rd8 29. Rg1 Rd2 30. Rg3 Ng6 31. Nb1 Rxb2 32. Qh5 Rxb1+ 33. Kg2 Bxg3 34. Bf7 Rb2+ 35. Kh3 Rxh2+ 36. Kg4 Qf4# 0-1


[Site "https://www.chess.com"]

[Event "Titled Tuesday Blitz February 07 Early 2023"]
[White "Lacasa Diaz, Jose Antonio"]
[Black "Kochetov, Andrey"]
[WhiteFideId "2203375"]
[BlackFideId "24130532"]
[WhiteElo "2359"]
[BlackElo "2165"]
[Result "0-1"]
[Round "07"]
[TimeControl "180+2"]
[Date "2023.02.07"]
[WhiteClock "0:00:04"]
[BlackClock "0:00:13"]

1. e4 e5 2. Nf3 Nf6 3. d4 Nxe4 4. Bd3 d5 5. Nxe5 Bd6 6. Nc3 Nxc3 7. bxc3 O-O 8. O-O c5 9. f4 Nc6 10. Be3 f6 11. Nxc6 bxc6 12. dxc5 Qe7 13. cxd6 Qxe3+ 14. Kh1 Qc5 15. Qh5 f5 16. Rfe1 Qxd6 17. Re5 Bd7 18. Rae1 g6 19. Qh4 Rae8 20. c4 Rxe5 21. Rxe5 Re8 22. Qe1 Rxe5 23. fxe5 Qe7 24. Qe3 a5 25. cxd5 cxd5 26. Qd4 Bc6 27. c4 Qb4 28. h4 Kf7 29. Kh2 Ke6 30. a3 Qe1 31. cxd5+ Bxd5 32. Qb6+ Kxe5 33. Qc7+ Kf6 34. Qd8+ Ke5 35. Qe7+ Be6 36. Bc4 Qc3 37. Qxe6+ Kf4 38. Bd5 Qxa3 39. Qe1 Qd6 0-1


[Site "https://www.chess.com"]

[Event "Titled Tuesday Blitz February 07 Early 2023"]
[White "Levitan, Caleb Levi"]
[Black "Berezin, Viktor"]
[WhiteFideId "14332620"]
[BlackFideId "14107872"]
[WhiteElo "2129"]
[BlackElo "2307"]
[Result "0-1"]
[Round "07"]
[TimeControl "180+2"]
[Date "2023.02.07"]
[WhiteClock "0:00:02"]
[BlackClock "0:00:08"]

1. e4 g6 2. d4 Bg7 3. Nc3 d6 4. Bf4 Nf6 5. Qd2 O-O 6. O-O-O c6 7. Bh6 Qa5 8. Kb1 b5 9. f3 b4 10. Nce2 e5 11. h4 c5 12. dxe5 dxe5 13. h5 Be6 14. Nc1 c4 15. hxg6 fxg6 16. Bxg7 Kxg7 17. Qh6+ Kg8 18. Rd6 Re8 19. Qh4 Nbd7 20. Rxe6 Rxe6 21. Bxc4 Re8 22. Bxe6+ Rxe6 23. Nh3 Rd6 24. Ng5 Nf8 25. Qg3 Qb5 26. f4 Nh5 27. Rxh5 gxh5 28. Ne6+ Ng6 29. f5 Qe8 30. Nc7 Qd7 31. Nb5 Rd1 32. fxg6 Qxb5 33. gxh7+ Kxh7 34. Qg5 Qe8 35. Qf5+ Qg6 36. Qf3 Rg1 37. Qb3 Qg5 38. Qf7+ Kh6 39. Qf8+ Qg7 40. Qd6+ Kh7 41. Qc5 Rxg2 42. Qxb4 Rg1 43. Qc4 h4 44. Qd3 Rg3 45. Qe2 Qg5 46. Qd3 Rxd3 47. Nxd3 h3 48. Nf2 Qg1+ 49. Nd1 Qxd1# 0-1


[Site "https://www.chess.com"]

[Event "Titled Tuesday Blitz February 07 Early 2023"]
[White "Larina, Maria"]
[Black "Skurikhin, Dmitrij"]
[WhiteFideId "24113182"]
[BlackFideId "4161297"]
[WhiteElo "1948"]
[BlackElo "2297"]
[Result "0-1"]
[Round "07"]
[TimeControl "180+2"]
[Date "2023.02.07"]
[WhiteClock "0:00:04"]
[BlackClock "0:01:01"]

1. e4 e5 2. Nf3 Nc6 3. Nc3 Nf6 4. Bb5 Bb4 5. O-O O-O 6. d3 d6 7. Ne2 h6 8. c3 Ba5 9. Ng3 Ne7 10. d4 Ng6 11. Re1 Bg4 12. b4 Bb6 13. h3 Bxf3 14. gxf3 c6 15. Bf1 Nh7 16. Nf5 Ng5 17. Kh2 Qf6 18. Be3 d5 19. Bg2 exd4 20. cxd4 Bc7+ 21. Ng3 Nh4 22. Bxg5 Qxg5 23. Qc1 Bf4 24. Qc3 h5 25. e5 Nxg2 26. Kxg2 Qh4 27. Rh1 Qg5 28. Kf1 h4 29. Ne2 Qf5 30. Nxf4 Qxf4 31. Qe3 Qf5 32. Ke2 a5 33. b5 cxb5 34. Qd2 Rfc8 35. Rag1 Rc2 0-1


[Site "https://www.chess.com"]

[Event "Titled Tuesday Blitz February 07 Early 2023"]
[White "Cepo, Toni"]
[Black "Cherniaiev, Tykhon"]
[WhiteFideId "4675916"]
[BlackFideId "14182360"]
[WhiteElo "2145"]
[BlackElo "2330"]
[Result "1/2-1/2"]
[Round "07"]
[TimeControl "180+2"]
[Date "2023.02.07"]
[WhiteClock "0:00:54"]
[BlackClock "0:00:17"]

1. e4 e5 2. Nf3 Nc6 3. Bb5 Nf6 4. O-O Nxe4 5. Re1 Nd6 6. Bxc6 dxc6 7. Nxe5 Be7 8. d4 O-O 9. c3 Bf6 10. Bf4 Nf5 11. Nd2 Re8 12. Qc2 Nd6 13. Ndc4 Bf5 14. Qd2 h6 15. Nxd6 cxd6 16. Nc4 Qd7 17. Nxd6 Rxe1+ 18. Rxe1 Be6 19. a3 Be7 20. Ne4 Bd5 21. f3 Re8 22. Nf2 Bf6 23. Nd3 Rxe1+ 24. Qxe1 Qf5 25. Qe3 Bc4 26. Nf2 g5 27. Qe8+ Kg7 28. Bc1 c5 29. Qe4 Qxe4 30. Nxe4 cxd4 31. Nxf6 Kxf6 32. cxd4 Bd5 33. Kf2 Kf5 34. Ke3 h5 35. Bd2 g4 36. fxg4+ hxg4 37. g3 a6 38. Bb4 b5 39. Bd6 Bc4 40. Bb8 Bd5 41. Bc7 Bc4 42. Bb8 Bd5 43. Bc7 Bc4 44. Bb8 1/2-1/2


[Site "https://www.chess.com"]

[Event "Titled Tuesday Blitz February 07 Early 2023"]
[White "Skliarov, Viktor"]
[Black "Abdilkhair, Abilmansur"]
[WhiteFideId "14106736"]
[BlackFideId "13716417"]
[WhiteElo "2383"]
[BlackElo "2268"]
[Result "0-1"]
[Round "07"]
[TimeControl "180+2"]
[Date "2023.02.07"]
[WhiteClock "0:00:05"]
[BlackClock "0:00:07"]

1. e4 e5 2. Nc3 Nc6 3. Bc4 Be7 4. d3 Nf6 5. a3 O-O 6. h3 d6 7. Nge2 Be6 8. Nd5 Bxd5 9. exd5 Na5 10. Ba2 b6 11. O-O Nd7 12. b4 Nb7 13. Bb2 a5 14. Bc4 f5 15. Ng3 Bh4 16. Qf3 g6 17. Rfe1 Qg5 18. Nf1 Qf6 19. Bb5 Rf7 20. Bc6 Ra7 21. Bc3 Nd8 22. Bb5 Bg5 23. Nd2 Qg7 24. Nb3 a4 25. Nc1 Qh6 26. Rd1 Nf6 27. Ne2 e4 28. dxe4 fxe4 29. Qg3 e3 30. f4 Bh4 31. Qf3 Bf2+ 32. Kh2 Ra8 33. Be1 Nh5 34. g3 Nxg3 35. Nxg3 Rxf4 36. Qg2 Bxe1 37. Rxe1 Rf2 38. Re2 Rxg2+ 39. Kxg2 Nf7 40. Rae1 Ne5 41. Rxe3 Rf8 42. R3e2 Qg5 43. c4 h5 44. Kh2 Nf3+ 45. Kg2 Nxe1+ 46. Rxe1 Qd2+ 47. Re2 Qd3 48. Bd7 h4 49. Be6+ Kg7 50. Re4 Qxg3+ 51. Kh1 Rf1# 0-1


[Site "https://www.chess.com"]

[Event "Titled Tuesday Blitz February 07 Early 2023"]
[White "Mathieu, Phileas"]
[Black "Fernandez, Michael"]
[WhiteFideId "36048410"]
[BlackFideId "5803560"]
[WhiteElo "2374"]
[BlackElo "2181"]
[Result "1-0"]
[Round "07"]
[TimeControl "180+2"]
[Date "2023.02.07"]
[WhiteClock "0:00:51"]
[BlackClock "0:00:02"]

1. d4 b5 2. e4 Bb7 3. f3 b4 4. c4 e5 5. Ne2 exd4 6. Nxd4 Bc5 7. Be3 Bb6 8. Nd2 Ne7 9. Rc1 a5 10. c5 Ba7 11. Bd3 Nbc6 12. f4 Nxd4 13. Bxd4 Nc6 14. Be3 O-O 15. O-O d5 16. e5 d4 17. Bf2 Ne7 18. Bh4 Qd7 19. Qh5 Ng6 20. Bg3 f5 21. exf6 Rxf6 22. Ne4 Bxe4 23. Bxe4 Re8 24. Qd5+ Qxd5 25. Bxd5+ Kf8 26. f5 Ne5 27. Kh1 Nd3 28. Rcd1 Nxc5 29. Bxc7 Bb6 30. Bg3 Na4 31. Rd2 g6 32. Bh4 Rxf5 33. Rxf5+ gxf5 34. Bc6 Rc8 35. Bxa4 Rc1+ 36. Rd1 Rc7 37. Bg3 Rc4 38. Bb3 Rc8 39. h4 Re8 40. Rd2 Ra8 41. Kh2 a4 42. Bc4 a3 43. b3 Rc8 44. Kh3 Ke7 45. Be5 Rd8 46. g4 fxg4+ 47. Kxg4 Bc5 48. Kf5 Rf8+ 49. Ke4 Rg8 50. Bxg8 1-0


[Site "https://www.chess.com"]

[Event "Titled Tuesday Blitz February 07 Early 2023"]
[White "Tarasova, Viktoriya"]
[Black "Song, Julien"]
[WhiteFideId "4175840"]
[BlackFideId "659487"]
[WhiteElo "2226"]
[BlackElo "2350"]
[Result "0-1"]
[Round "07"]
[TimeControl "180+2"]
[Date "2023.02.07"]
[WhiteClock "0:00:02"]
[BlackClock "0:00:07"]

1. d4 d5 2. c4 e6 3. Nc3 Nf6 4. cxd5 exd5 5. Bg5 c6 6. Qc2 g6 7. e3 Be7 8. Bd3 Nbd7 9. Nge2 Nf8 10. O-O Ne6 11. Bh4 O-O 12. Rae1 b5 13. f3 a5 14. Bf2 Bb7 15. h3 Re8 16. e4 b4 17. Na4 Nh5 18. Be3 Bd6 19. e5 Bf8 20. f4 Bh6 21. Qd2 Qh4 22. f5 Bxe3+ 23. Qxe3 Ng5 24. Nf4 Ng3 25. fxg6 hxg6 26. Rf2 Ba6 27. Bxa6 Rxa6 28. Nc5 Ra7 29. Kh2 N3e4 30. Nxe4 Nxe4 31. Rf3 Rae7 32. Ref1 Qh6 33. Qe2 Qh4 34. Nd3 Ng5 35. Rf4 Qh6 36. Qe3 Ne6 37. R4f3 Qxe3 38. Rxe3 Nxd4 39. Nc5 Ne6 40. Nd3 c5 41. Ref3 c4 42. Nf2 Ng5 43. Rf4 Rxe5 44. Ng4 R5e6 45. Nf6+ Rxf6 46. Rxf6 Re2 47. Ra6 Rxb2 48. h4 Ne6 49. Ra7 c3 50. Rfxf7 c2 51. Rfe7 c1=Q 52. Ra8+ Nf8 53. Ree8 Qf4+ 54. Kh3 Qf5+ 55. g4 Qf3# 0-1


[Site "https://www.chess.com"]

[Event "Titled Tuesday Blitz February 07 Early 2023"]
[White "Royal, Shreyas"]
[Black "Mazurkiewicz, Michal"]
[WhiteFideId "448869"]
[BlackFideId "1124943"]
[WhiteElo "2438"]
[BlackElo "2145"]
[Result "0-1"]
[Round "07"]
[TimeControl "180+2"]
[Date "2023.02.07"]
[WhiteClock "0:01:15"]
[BlackClock "0:00:08"]

1. e4 d6 2. Nf3 Nf6 3. Nc3 c6 4. d4 Bg4 5. Bc4 e6 6. h3 Bh5 7. Be3 d5 8. Bd3 Be7 9. Qd2 Bg6 10. e5 Nfd7 11. h4 c5 12. h5 Bxd3 13. Qxd3 Nc6 14. h6 g6 15. Nb5 Qa5+ 16. Bd2 Qb6 17. a4 a6 18. a5 Qxb5 19. Qc3 cxd4 20. Nxd4 Bb4 21. Nxb5 Bxc3 22. Nd6+ Ke7 23. Bxc3 d4 24. Bd2 Ndxe5 25. Nxb7 Rab8 26. Nc5 Rxb2 27. Nxa6 Rxc2 28. Nb4 Nxb4 29. Bxb4+ Kf6 30. O-O Nc6 31. Bd6 e5 32. a6 Ke6 33. Bc7 Ra8 34. Bb6 Rb2 35. Bc7 Kd7 36. Ba5 Rxa6 37. Bc3 Rxa1 38. Bxb2 Rxf1+ 39. Kxf1 Kd6 40. Ke2 Kd5 41. f3 f5 42. Kd2 e4 43. fxe4+ fxe4 44. Ba3 Ne5 45. Bf8 e3+ 46. Ke2 Ke4 47. Bc5 d3+ 48. Kd1 Nc4 49. Ke1 Kf4 50. Bd4 Kg3 51. Kf1 d2 52. Ke2 Kxg2 53. Bf6 Kh3 54. Bg7 Kg4 55. Bf6 Kf5 56. Bc3 Ke4 57. Bg7 g5 58. Bf6 g4 59. Bh4 Ne5 60. Bg3 Nf3 61. Bc7 Nd4+ 62. Kd1 Kd3 63. Bf4 e2# 0-1


[Site "https://www.chess.com"]

[Event "Titled Tuesday Blitz February 07 Early 2023"]
[White "Dinu, Dumitru-Daniel"]
[Black "Cella, Glaucio Dalla Cortt"]
[WhiteFideId "1208403"]
[BlackFideId "2119455"]
[WhiteElo "2203"]
[BlackElo "1894"]
[Result "0-1"]
[Round "07"]
[TimeControl "180+2"]
[Date "2023.02.07"]
[WhiteClock "0:00:15"]
[BlackClock "0:00:30"]

1. e4 c5 2. b3 e6 3. Bb2 Nc6 4. Bb5 Nd4 5. Bd3 d5 6. exd5 exd5 7. Ne2 Ne6 8. O-O Nf6 9. Ng3 Bd6 10. Nf5 Bc7 11. Bb5+ Kf8 12. d4 g6 13. Ne3 Nxd4 14. Bxd4 cxd4 15. Qxd4 Kg7 16. Nc3 Qd6 17. g3 Bb6 18. Qd2 a6 19. Be2 Rd8 20. Bf3 Ba5 21. a3 d4 22. Nc4 Bxc3 23. Nxd6 Bxd2 24. Nxb7 Bxb7 25. Bxb7 Rab8 26. Bxa6 Bc3 27. Ra2 Rd6 28. Bd3 Ra8 29. a4 Nd5 30. Be4 Re8 31. Bxd5 Rxd5 32. Rd1 Re1+ 33. Rxe1 Bxe1 34. Ra1 Bc3 35. Rd1 Kf6 36. Kg2 Ke5 37. Rd3 f5 38. Kf3 g5 39. h4 g4+ 40. Kg2 Kd6 41. f3 h5 42. fxg4 fxg4 43. Rd1 Kc5 44. Rf1 Re5 45. Rf2 Be1 46. Rf7 Re2+ 47. Kf1 Re5 48. Kg2 Kb4 49. Rc7 Bc3 50. Rc4+ Ka3 51. Kf2 Kb2 52. b4 Kxc2 53. a5 d3 54. b5 d2 0-1


[Site "https://www.chess.com"]

[Event "Titled Tuesday Blitz February 07 Early 2023"]
[White "Mogirzan, Matei-Valeriu"]
[Black "Omelja, Artem"]
[WhiteFideId "1257455"]
[BlackFideId "14119846"]
[WhiteElo "1813"]
[BlackElo "2446"]
[Result "0-1"]
[Round "07"]
[TimeControl "180+2"]
[Date "2023.02.07"]
[WhiteClock "0:00:02"]
[BlackClock "0:00:47"]

1. Nc3 d5 2. d4 Nf6 3. g4 Bxg4 4. f3 Bh5 5. e4 dxe4 6. Bf4 c6 7. Qd2 exf3 8. O-O-O f2 9. Nge2 Bf3 10. Bh3 Bxh1 11. Rxh1 e6 12. Rf1 Bd6 13. Bg5 Nbd7 14. Rxf2 Qa5 15. Bg2 h6 16. Bh4 O-O-O 17. Kb1 Rhf8 18. Rf3 g5 19. Bf2 Nd5 20. a3 N7b6 21. b4 Nc4 22. Qd3 Nxa3+ 23. Kc1 Qxb4 24. Nxd5 Qb1+ 25. Kd2 exd5 26. Nc3 Qa1 27. Rf6 Nc4+ 28. Ke2 Rfe8+ 29. Kf3 Kb8 30. Qf5 Qxc3+ 31. Kg4 0-1


[Site "https://www.chess.com"]

[Event "Titled Tuesday Blitz February 07 Early 2023"]
[White "Seletsky, Grigory"]
[Black "Silvestre, Christian"]
[WhiteFideId "14112191"]
[BlackFideId "30956269"]
[WhiteElo "2259"]
[BlackElo "1942"]
[Result "0-1"]
[Round "07"]
[TimeControl "180+2"]
[Date "2023.02.07"]
[WhiteClock "0:00:11"]
[BlackClock "0:01:15"]

1. e4 c5 2. Nc3 e6 3. f4 d5 4. Nf3 dxe4 5. Nxe4 Nf6 6. d3 Nxe4 7. dxe4 Qxd1+ 8. Kxd1 Nc6 9. c3 Bd7 10. Bd3 O-O-O 11. Ke2 Na5 12. Be3 Kb8 13. Rhd1 Be7 14. Nd2 Ba4 15. b3 Bc6 16. g3 b6 17. e5 h5 18. h4 Rd7 19. Bc2 Rhd8 20. Ne4 Rxd1 21. Rxd1 Rxd1 22. Kxd1 g6 23. Ke2 Nb7 24. c4 Nd8 25. Ng5 Bxg5 26. hxg5 Bg2 27. a3 Nc6 28. Kd3 Bh3 29. Kc3 a5 30. Be4 Kc7 31. Bf3 Bg4 32. Bg2 Bd1 33. Be4 Bg4 34. Kb2 Bf5 35. Bf3 Bg4 36. Be4 Bf5 37. Bg2 Bd3 38. Kc3 Be2 39. Bxc6 Kxc6 40. b4 axb4+ 41. axb4 cxb4+ 42. Kxb4 b5 43. cxb5+ Bxb5 44. Bc1 Ba6 45. Kc3 Kd5 46. Kd2 Ke4 47. Bb2 Kf3 48. Bd4 Bc4 49. Ke1 Kxg3 50. Be3 Kf3 51. Bd2 h4 0-1


[Site "https://www.chess.com"]

[Event "Titled Tuesday Blitz February 07 Early 2023"]
[White "Vivas Zamora, Fabian Ernesto"]
[Black "Mushini Ajay"]
[WhiteFideId "3902480"]
[BlackFideId "35066188"]
[WhiteElo "2346"]
[BlackElo "2310"]
[Result "1-0"]
[Round "07"]
[TimeControl "180+2"]
[Date "2023.02.07"]
[WhiteClock "0:00:12"]
[BlackClock "0:01:01"]

1. e4 d5 2. exd5 Qxd5 3. Nc3 Qa5 4. d4 Nf6 5. Bd2 c6 6. Bd3 Bg4 7. Ne4 Bxd1 8. Nxf6+ exf6 9. Bxa5 Bg4 10. f4 Bd6 11. f5 g6 12. Ne2 Nd7 13. O-O Nb6 14. h3 Bxe2 15. Bxe2 Nd5 16. Bf3 Bb4 17. Bxb4 Nxb4 18. c3 Na6 19. Rae1+ Kf8 20. fxg6 hxg6 21. Be2 f5 22. Bxa6 bxa6 23. Re5 Rb8 24. b3 Rb5 25. Rfe1 Rxe5 26. Rxe5 Rh4 27. Kf2 Re4 28. Rxe4 fxe4 29. g4 f5 30. gxf5 gxf5 31. Ke3 Kf7 32. c4 Ke6 33. Kf4 Kf6 34. h4 Kg6 35. d5 cxd5 36. cxd5 Kf6 37. h5 Ke7 38. h6 Kd6 39. h7 Kxd5 40. h8=Q Kc5 41. Qe5+ Kb4 42. Kxf5 Ka3 43. Qa5+ Kb2 44. Kxe4 Kc2 45. Kd4 Kb2 46. Qd2+ Ka3 47. Kc4 a5 48. Qxa5+ Kb2 49. Qxa7 Kb1 50. b4 Kb2 51. b5 Kb1 52. Qf2 Ka1 53. Kb3 Kb1 54. Qe1# 1-0


[Site "https://www.chess.com"]

[Event "Titled Tuesday Blitz February 07 Early 2023"]
[White "Kalajzic, Ivan"]
[Black "Malka, Samuel"]
[WhiteFideId "14506378"]
[BlackFideId "20643675"]
[WhiteElo "2062"]
[BlackElo "2165"]
[Result "0-1"]
[Round "07"]
[TimeControl "180+2"]
[Date "2023.02.07"]
[WhiteClock "0:00:01"]
[BlackClock "0:00:17"]

1. d4 Nf6 2. Nc3 g6 3. Bg5 Bg7 4. e4 d6 5. f4 c6 6. Nf3 O-O 7. e5 Nd5 8. Nxd5 cxd5 9. Qd2 Nc6 10. Be2 Bf5 11. c3 dxe5 12. fxe5 f6 13. exf6 exf6 14. Bh4 Qd7 15. O-O Rae8 16. Rae1 Be4 17. h3 f5 18. Bg5 Bf6 19. Bxf6 Rxf6 20. Bb5 Bxf3 21. Rxf3 Rxe1+ 22. Qxe1 Re6 23. Re3 Kf7 24. Rxe6 Qxe6 25. Qxe6+ Kxe6 26. h4 f4 27. Bd3 h6 28. Bxg6 Ne7 29. Bh7 Nf5 30. Bxf5+ Kxf5 31. Kf2 Kg4 32. a4 a6 33. a5 Kxh4 34. Kf3 Kg5 35. g3 fxg3 36. Kxg3 Kf5 37. Kh4 Ke4 38. Kh5 Kd3 39. Kxh6 Kc2 40. c4 dxc4 41. d5 Kxb2 42. d6 c3 43. d7 c2 44. d8=Q c1=Q+ 45. Kg6 Qc6+ 46. Kf7 Ka3 47. Qd3+ Ka4 48. Qd1+ Kxa5 49. Qd2+ Kb6 50. Qd4+ Qc5 51. Qb2+ Qb5 52. Qf2+ Qc5 53. Qb2+ Kc6 54. Qf6+ Qd6 55. Qc3+ Kd7 56. Qh3+ Kc7 57. Qc3+ Kb8 58. Qh8+ Ka7 59. Qh1 Qc6 60. Kf8 Qxh1 0-1


[Site "https://www.chess.com"]

[Event "Titled Tuesday Blitz February 07 Early 2023"]
[White "Buscar, Michael"]
[Black "Sharafiev, Azat"]
[WhiteFideId "2603616"]
[BlackFideId "4186214"]
[WhiteElo "2041"]
[BlackElo "2427"]
[Result "0-1"]
[Round "07"]
[TimeControl "180+2"]
[Date "2023.02.07"]
[WhiteClock "0:01:00"]
[BlackClock "0:00:55"]

1. d4 d5 2. c4 e6 3. Nc3 Nf6 4. Bg5 Bb4 5. e3 O-O 6. Bd3 dxc4 7. Bxc4 c5 8. Nf3 Nc6 9. O-O cxd4 10. exd4 Be7 11. Bd3 h6 12. Bh4 b6 13. Bc2 Bb7 14. Qd3 Nb4 15. Qe2 Nxc2 16. Qxc2 Bxf3 17. gxf3 Rc8 18. Rad1 b5 19. Qe2 b4 20. Ne4 Nxe4 21. Bxe7 Qxe7 22. fxe4 Rfd8 23. Rd3 Qg5+ 24. Rg3 Qf4 25. Rd1 Rc1 26. Rd3 Rdc8 27. Rxc1 Rxc1+ 28. Kg2 h5 29. d5 exd5 30. exd5 Qg5+ 31. Kf3 Rc4 32. Qe8+ Kh7 33. Qxf7 Qg4+ 34. Ke3 Re4+ 35. Kd2 Qe2+ 36. Kc1 Rc4+ 37. Rc3 Qe1+ 38. Kc2 Qe4+ 39. Kb3 bxc3 40. Qxh5+ Kg8 41. bxc3 Ra4 42. d6 Qc4+ 43. Kc2 Rxa2+ 44. Kb1 Qb3+ 45. Kc1 Qc2# 0-1


[Site "https://www.chess.com"]

[Event "Titled Tuesday Blitz February 07 Early 2023"]
[White "Miszler, Levente"]
[Black "Shuvalov, Evgenij"]
[WhiteFideId "763276"]
[BlackFideId "4187237"]
[WhiteElo "2271"]
[BlackElo "2038"]
[Result "0-1"]
[Round "07"]
[TimeControl "180+2"]
[Date "2023.02.07"]
[WhiteClock "0:00:04"]
[BlackClock "0:00:45"]

1. c4 Nf6 2. Nc3 d5 3. cxd5 Nxd5 4. d4 g6 5. e4 Nxc3 6. bxc3 Bg7 7. Be3 c5 8. Qd2 O-O 9. h4 Nd7 10. h5 Nf6 11. hxg6 Nxe4 12. gxh7+ Kh8 13. Qd3 Bf5 14. Nf3 Ng3 15. Qc4 Nxh1 16. Qxc5 Rc8 17. Qxf5 Rxc3 18. Ne5 Qe8 19. Bc4 e6 20. Bxe6 Qxe6 21. Qxe6 fxe6 22. Ng6+ Kxh7 23. Nxf8+ Bxf8 24. Kd2 Ra3 25. Rxh1+ Kg6 26. Rh8 Rxa2+ 27. Kd3 Kg7 28. Rh5 Bd6 29. Rb5 b6 30. d5 e5 31. Ke4 Kf6 32. Rb1 Ra4+ 33. Kd3 e4+ 34. Kc3 Be5+ 35. Kb3 Ra1 36. Rxa1 Bxa1 37. Kc4 Ke5 38. Kb5 Kxd5 39. Ka6 Bd4 40. Bxd4 Kxd4 41. Kb5 a5 42. g4 Ke5 43. Kxb6 a4 44. Ka5 a3 45. g5 a2 46. g6 a1=Q+ 47. Kb6 Kf6 0-1


[Site "https://www.chess.com"]

[Event "Titled Tuesday Blitz February 07 Early 2023"]
[White "Manukian, Artak"]
[Black "Antonio, Jorge Carlos"]
[WhiteFideId "13301373"]
[BlackFideId "113190"]
[WhiteElo "2196"]
[BlackElo "2277"]
[Result "1-0"]
[Round "07"]
[TimeControl "180+2"]
[Date "2023.02.07"]
[WhiteClock "0:00:45"]
[BlackClock "0:00:15"]

1. e4 d6 2. d4 g6 3. c4 Bg7 4. Nc3 Nf6 5. f3 O-O 6. Bg5 c5 7. d5 a6 8. a4 h6 9. Be3 Nbd7 10. Qd2 Rb8 11. Bxh6 Ne8 12. g4 Qa5 13. h4 b5 14. cxb5 axb5 15. Bxb5 Ne5 16. Bxg7 Kxg7 17. h5 Rh8 18. h6+ Kh7 19. g5 Rf8 20. f4 Nd7 21. Nf3 f6 22. f5 gxf5 23. g6+ Kxg6 24. h7 Rh8 25. Qh6+ Kf7 26. Rg1 Ne5 27. Qh5+ Kf8 28. Qxe8# 1-0


[Site "https://www.chess.com"]

[Event "Titled Tuesday Blitz February 07 Early 2023"]
[White "Mirzanurov, Bulat"]
[Black "Khokhlova, Daria"]
[WhiteFideId "4184521"]
[BlackFideId "24182729"]
[WhiteElo "2232"]
[BlackElo "2111"]
[Result "0-1"]
[Round "07"]
[TimeControl "180+2"]
[Date "2023.02.07"]
[WhiteClock "0:00:35"]
[BlackClock "0:00:15"]

1. e4 c5 2. Nf3 d6 3. d4 cxd4 4. Nxd4 Nf6 5. f3 e5 6. Nb3 d5 7. Bg5 d4 8. c3 Nc6 9. a3 Be7 10. cxd4 exd4 11. Bd3 Be6 12. O-O O-O 13. f4 h6 14. Bh4 Nxe4 15. Bxe7 Qxe7 16. Re1 Bxb3 17. Qxb3 Nc5 18. Qd1 Qd6 19. Rf1 Rfe8 20. b4 Nxd3 21. Qxd3 Re3 22. Qd1 d3 23. Nd2 Qd4 24. Kh1 Rae8 25. Nf3 Qd5 26. h3 Nd4 27. Ne5 Rxh3+ 28. Kg1 Ne2+ 29. Kf2 Qd4+ 30. Ke1 Re3 31. Rf3 Nc3+ 0-1


[Site "https://www.chess.com"]

[Event "Titled Tuesday Blitz February 07 Early 2023"]
[White "sabkeIXO"]
[Black "Alhadad, Mahmoud"]
[BlackFideId "11501863"]
[WhiteElo "2467"]
[BlackElo "1840"]
[Result "1-0"]
[Round "07"]
[TimeControl "180+2"]
[Date "2023.02.07"]
[WhiteClock "0:00:54"]
[BlackClock "0:00:01"]

1. e4 d5 2. exd5 Nf6 3. Nf3 Bg4 4. Be2 Qxd5 5. d4 Nc6 6. c4 Qf5 7. Be3 e6 8. Nbd2 Ne4 9. Nxe4 Qxe4 10. O-O Be7 11. Bd3 Bxf3 12. Bxe4 Bxd1 13. Rfxd1 Nd8 14. d5 exd5 15. Bxd5 c6 16. Bf3 Ne6 17. g3 Rd8 18. a3 Rxd1+ 19. Rxd1 a6 20. b4 Bg5 21. Bb6 Bd8 22. Ba7 Bc7 23. a4 Ke7 24. b5 axb5 25. axb5 cxb5 26. cxb5 b6 27. Rc1 Nc5 28. Rxc5 bxc5 29. Bxc5+ Bd6 30. Bd4 Rb8 31. Bc6 f6 32. Kf1 Bc7 33. Ke2 Bb6 34. Bc3 Kd6 35. Bb4+ Bc5 36. Bd2 Rf8 37. f3 Rb8 38. Bf4+ Ke6 39. Bxb8 Bb6 40. Kd3 g6 41. g4 f5 42. gxf5+ Kxf5 43. Bd7+ Kg5 44. Ke4 h5 45. Bf4+ Kh4 46. Bg3+ 1-0


[Site "https://www.chess.com"]

[Event "Titled Tuesday Blitz February 07 Early 2023"]
[White "Wahedi, Ahmad Siar"]
[Black "SicilianPanzer"]
[WhiteFideId "4651260"]
[WhiteElo "2274"]
[BlackElo "2245"]
[Result "0-1"]
[Round "07"]
[TimeControl "180+2"]
[Date "2023.02.07"]
[WhiteClock "0:00:07"]
[BlackClock "0:00:05"]

1. e4 c6 2. d4 d5 3. e5 Bf5 4. h4 a6 5. h5 c5 6. g4 Bd7 7. dxc5 e6 8. Be3 Qc7 9. Nf3 Bxc5 10. Bxc5 Qxc5 11. Nbd2 Nc6 12. Nb3 Qb4+ 13. Qd2 Qxg4 14. Be2 Qf5 15. O-O-O Nxe5 16. Nbd4 Qf6 17. Nxe5 Qxe5 18. Qb4 Nf6 19. Rdg1 Qf4+ 20. Kb1 e5 21. Qxb7 O-O 22. Nb3 Rfb8 23. Qc7 a5 24. h6 g6 25. Ba6 a4 26. Bb7 axb3 27. axb3 Qxf2 28. Bxa8 Rc8 29. Qa7 Qxc2+ 30. Ka2 Rc7 31. Qb8+ Rc8 32. Qb7 Qc5 33. Rc1 Qa5+ 34. Kb1 Bf5+ 35. Rc2 Bxc2+ 36. Kc1 Qa1+ 37. Kd2 Qa5+ 38. b4 Qd8 39. Rc1 Ne4+ 40. Ke3 d4+ 41. Ke2 Nf6 42. Kd2 e4 43. Rxc2 e3+ 44. Kd1 Rxc2 45. Kxc2 d3+ 46. Kd1 e2+ 47. Kd2 Ng4 48. Qe4 Nf2 49. Qe3 Ng4 50. Qe4 Nxh6 51. Bd5 Nf5 52. Bxf7+ Kxf7 53. Qe5 Kg8 54. Qe6+ Kf8 55. Qe5 Kf7 56. Qe6+ Kg7 57. Qe5+ Kh6 58. b5 Qg5+ 59. Ke1 Qg1+ 60. Kd2 Qd1+ 61. Kc3 e1=Q+ 62. Qxe1 Qxe1+ 63. Kxd3 Qb4 64. b6 Qxb6 0-1


[Site "https://www.chess.com"]